 Dungeon Crawl Stone Soup version 0.30.1 (webtiles) character file.

Game seed: 1981803771093450077

207 Sanktem7 the Chopper (level 5, -3/47 HPs)
             Began as a Minotaur Fighter on July 13, 2023.
             Killed by divine providence
             ... invoked by an orc priest
              (11 damage)
             ... on level 3 of the Dungeon.
             The game lasted 00:02:38 (1663 turns).

Sanktem7 the Chopper (Minotaur Fighter)             Turns: 1663, Time: 00:02:39

Health: -3/47      AC:  9    Str: 22    XL:     5   Next: 54%
Magic:  4/4        EV:  8    Int:  5    God:
Gold:   120        SH:  4    Dex: 10    Spells: 4/4 levels left

rFire   . . .        a - +0 war axe {axe}
rCold   . . .        c - +0 buckler
rNeg    . . .        g - +0 chain mail
rPois   .            (helmet restricted)
rElec   .            (no cloak)
rCorr   .            (no gloves)
SInv    .            (no boots)
Will    .....        (no amulet) Stlth
                     (no ring)
HPRegen 0.27/turn    (no ring)
MPRegen 0.09/turn

%: no passive effects
@: no status effects
A: horns 2, retaliatory headbutt
a: no special abilities


You were on level 3 of the Dungeon.
You visited 1 branch of the dungeon, and saw 3 of its levels.

You collected 224 gold pieces.
You spent 104 gold pieces at shops.


Innate Abilities, Weirdness & Mutations

You have a pair of horns on your head.
You reflexively headbutt those who attack you in melee.


   Skills:
 + Level 4.7 Fighting
 * Level 4.9 Axes
 + Level 4.6 Armour
 + Level 4.6 Shields


You had 4 spell levels left.
You didn't know any spells.
Your spell library was empty.

Inventory:

Hand Weapons
 a - a +0 war axe (weapon) {axe}
Missiles
 k - 26 stones (quivered) {throwing}
 r - 3 poisoned darts {throwing}
Armour
 c - a +0 buckler (worn)
 g - a +0 chain mail (worn)
   (You found it on level 1 of the Dungeon)
Magical Staves
 n - a staff of fire {!astaff}
   (You found it on level 2 of the Dungeon)
Scrolls
 b - a scroll of silence {unknown}
 e - 4 scrolls of teleportation {unknown}
 i - 3 scrolls of enchant armour
 l - 3 scrolls of identify {@r1}
 o - a scroll of magic mapping {unknown}
 p - a scroll of amnesia {unknown}
 s - a scroll of noise {unknown}
 t - a scroll of vulnerability {unknown}
Potions
 d - 2 potions of might
 f - a potion of lignification {unknown}
 h - 2 potions of brilliance {unknown}
 j - 2 potions of flight {unknown}
 m - 2 potions of curing {unknown}
 q - a potion of haste {unknown}

Dungeon Overview and Level Annotations

Branches:
Dungeon (3/15) Zot: 16281

Altars:

Shops:
D:1

? #.##..#.##..#.##..#. #.
.##.#..##.#..##.#.. ..##
..##....##....##. #
#..##.#..##.#..##.#...
#.##..#.##..#.##..#.##...
...o #....##....##....##.
##..#.##..#.##..#.##..#.
#..##.#..##.#..##.#..
##)o@.##....##....##.
#..##o#..##.#..##.#...
#..#.##..#.##..#.##...
..##....##.. ##.. #. ##.
#.##. #.## .## .# .$#
..##. ##. . ##.. ##....
.. .## .## .


You could see an orc priest and 2 orcs.


Message History

You take 1 damage, and now have 27/47 hp.
You slash the orc priest! You hit the orc.
You kill the orc!
The orc priest hits you but does no damage.
You hit the orc priest but do no damage.
Your headbutt misses the orc priest.
The orc priest casts a cantrip, but nothing happens.
You block the orc's attack.
An orc comes into view. It is wielding a +0 short sword.
The orc priest hits you but does no damage. 😮 HP[+1]
You hit the orc priest. You slash the orc! The orc hits you with a +0 hand axe.
You block the orc priest's attack. 😮 HP[-2]
You take 2 damage, and now have 26/47 hp.
You closely miss the orc priest. You hit the orc but do no damage.
The orc priest barely misses you.
You closely miss the orc priest. You headbutt the orc priest.
You kill the orc priest!
You hit the orc. The orc barely misses you. 😮 HP[+1]
A ball python comes into view.
The ball python hisses angrily.
You see here a +0 hand axe {axe}.
You block the goblin's attack. You block the orc's attack.
The orc hits you with a +0 hand axe of electrocution.
Things that are here:
a +0 dagger {short}; a +0 leather armour 😮 HP[-1]
You take 1 damage, and now have 26/47 hp.
You slash the orc!
You kill the orc!
You closely miss the goblin. You hit the orc.
You kill the orc!
The goblin barely misses you. 😮 HP[+1]
The orc priest attacks as you move away!
The orc priest hits you but does no damage.
An orc comes into view. It is wielding a +0 short sword.
The orc priest calls down the wrath of Beogh upon you.
Beogh smites you!
* * * LOW HITPOINT WARNING * * *
Things that are here:
a +0 hand axe of electrocution {axe}; 11 gold pieces; an orc corpse 😨 HP[-10]
You take 10 damage, and now have 17/47 hp.
MASSIVE DAMAGE!! (PAUSE)
You slash the goblin!
You kill the goblin!
You slash the orc!
You kill the orc!
You barely miss the ball python.
The ball python bites you but does no damage.
The ball python barely misses you.
The orc priest barely misses you. 😨 HP[+1]
You hit the orc priest. You barely miss the ball python.
The ball python closely misses you. The ball python barely misses you.
The orc priest hits you with a +0 club.
* * * LOW HITPOINT WARNING * * *
The ball python bites you but does no damage.
The ball python barely misses you. 😨 HP[-2]
You take 2 damage, and now have 16/47 hp.
You hit the orc priest but do no damage.
You closely miss the ball python.
The ball python bites you but does no damage.
The ball python grabs you. The ball python constricts you.
The orc priest hits you with a +0 club.
* * * LOW HITPOINT WARNING * * *
The ball python bites you.
* * * LOW HITPOINT WARNING * * *
The ball python constricts you. 😨 HP[-4]
You take 4 damage, and now have 12/47 hp.
You hit the orc priest but do no damage.
You slash the ball python!
You kill the ball python!
The orc priest closely misses you.
The orc priest hits you but does no damage. 😨 HP[+1]
You closely miss the orc priest. You headbutt the orc priest.
You barely miss the orc. Your headbutt misses the orc.
You barely miss the orc priest. The orc priest barely misses you.
An orc comes into view. It is wielding a +0 flail.
The orc hits you but does no damage.
You hit the orc but do no damage. You closely miss the orc priest.
The orc priest hits you but does no damage.
The orc hits you with a +0 short sword.
* * * LOW HITPOINT WARNING * * *
The orc hits you with a +0 short sword.
* * * LOW HITPOINT WARNING * * *
The orc priest hits you with a +0 club.
* * * LOW HITPOINT WARNING * * *
😱 HP[-5]
You take 5 damage, and now have 8/47 hp.
Unknown command.
You barely miss the orc priest. You hit the orc but do no damage.
The orc priest invokes the aid of Beogh against you.
Beogh smites you!
You die...

Skill      XL: |  1  2  3  4 |
---------------+-------------+-----
Axes           | 3 4 |  4.9
Fighting       | 4 |  4.7
Armour         | 4 |  4.6
Shields        | 4 |  4.6

Action                     |  1- 3 |  4- 6 || total
---------------------------+-------+-------++-------
  Melee: War axe           |    85 |    69 ||   154
         Headbutt          |     6 |     5 ||    11
 Armour: Scale mail        |     7 |       ||     7
         Chain mail        |    51 |    56 ||   107
  Dodge: Dodged            |    33 |    35 ||    68
  Block: Buckler           |    29 |    18 ||    47

Levels and vault maps discovered:
D:1:      roderic_crop_circles_arrival_small, layout_rooms, serial_shops,
          nicolae_shop_waterfront
D:2:      layout_basic, serial_forest, infiniplex_forest_clump_double,
          infiniplex_forest_clump_medium, infiniplex_forest_clump_double,
          infiniplex_forest_clump_diagonal, infiniplex_forest_clump_small,
          infiniplex_forest_straight_2, infiniplex_forest_lined_room_3,
          infiniplex_forest_clump_curved, minmay_bisected
D:3:      cheibrodos_thug_alley, layout_rooms, bloody_makhleb,
          nicolae_eternal_life, uniq_jessica

Notes
Turn   | Place    | Note
-------+----------+-------------------------------------------
     0 | D:1      | Sanktem7 the Minotaur Fighter began the quest for the Orb.
     0 | D:1      | Reached XP level 1. HP: 19/19 MP: 0/0
     0 | D:1      | magus.rc [v1.9.6]
   150 | D:1      | Reached XP level 2. HP: 27/27 MP: 1/1
   240 | D:1      | Reached skill level 3 in Axes
   311 | D:1      | Found Vusheixe's Magic Scroll Shop.
   401 | D:1      | Bought a scroll of identify for 22 gold pieces
   401 | D:1      | Bought a scroll of enchant armour for 82 gold pieces
   507 | D:2      | Reached XP level 3. HP: 33/33 MP: 2/2
   531 | D:2      | Reached skill level 4 in Fighting
   531 | D:2      | Reached skill level 4 in Armour
   531 | D:2      | Reached skill level 4 in Shields
   818 | D:2      | Reached XP level 4. HP: 36/40 MP: 3/3
   907 | D:2      | Reached skill level 4 in Axes
  1539 | D:3      | Noticed Jessica
  1543 | D:3      | Killed Jessica
  1544 | D:3      | Reached XP level 5. HP: 47/47 MP: 4/4
  1662 | D:3      | HP: 9/47 [orc/+0 short sword (3)]
  1663 | D:3      | Killed from afar by an orc priest

Vanquished Creatures
  An orc priest (D:3)
  Jessica (D:3)
  5 adders (D:2)
  3 gnolls (D:2)
  A worm (D:2)
  2 dart slugs
  4 orcs (D:3)
  6 bats
  6 endoplasms
  3 goblins
  5 hobgoblins
  A quokka (D:2)
  7 ball pythons
  5 frilled lizards
  9 kobolds
  13 rats
72 creatures vanquished.

Table legend:
 A = Non-vault XP
 B = Vault XP
 C = Vault XP percentage of total XP
 D = Non-vault monster count
 E = Vault monster count
 F = Vault count percentage of total count
                 A         B        C        D         E       F
            +---------+---------+-------+---------+---------+-------
      Total |     234 |      62 |  20.9 |      63 |       9 |  12.5
            +---------+---------+-------+---------+---------+-------
        D:1 |      37 |       0 |   0.0 |      24 |       0 |   0.0
        D:2 |     121 |      16 |  11.7 |      21 |       3 |  12.5
        D:3 |      76 |      46 |  37.7 |      18 |       6 |  25.0
            +---------+---------+-------+---------+---------+-------

Skill      XL: |  1  2  3  4 |
---------------+-------------+-----
Axes           | 3 4 |  4.9
Fighting       | 4 |  4.7
Armour         | 4 |  4.6
Shields        | 4 |  4.6

Action                     |  1- 3 |  4- 6 || total
---------------------------+-------+-------++-------
  Melee: War axe           |    85 |    69 ||   154
         Headbutt          |     6 |     5 ||    11
 Armour: Scale mail        |     7 |       ||     7
         Chain mail        |    51 |    56 ||   107
  Dodge: Dodged            |    33 |    35 ||    68
  Block: Buckler           |    29 |    18 ||    47

Illustrated notes

Table legend:
 A = Kills in this place as a percentage of kills in the entire game.
 B = Kills by you in this place as a percentage of kills by you in the entire game.
 C = Kills by friends in this place as a percentage of kills by friends in the entire game.
 D = Other kills in this place as a percentage of other kills in the entire game.
 E = Experience gained in this place as a percentage of experience gained in the entire game.
 F = Experience gained in this place divided by the number of levels of this place that you have seen.
                   A       B       C       D       E      F
               +-------+-------+-------+-------+-------+----------------------
         Total | 100.0 | 100.0 |   N/A |   N/A | 100.0 |  98.7
       Dungeon | 100.0 | 100.0 |   N/A |   N/A | 100.0 |  98.7
               +-------+-------+-------+-------+-------+----------------------

Table legend: (Time is in decaauts)
 A = Elapsed time spent in this place.
 B = Non-inter-level travel time spent in this place.
 C = Inter-level travel time spent in this place.
 D = Time resting spent in this place.
 E = Time spent auto-exploring this place.
 F = Levels seen in this place.
 G = Mean time per level.
                   A        B        C        D        E       F      G
               +--------+--------+--------+--------+--------+-----+--------+
         Total |   1717 |   1677 |     40 |      0 |   1246 |   3 |  572.3 |
       Dungeon |   1717 |   1677 |     40 |      0 |   1246 |   3 |  572.3 |
               +--------+--------+--------+--------+--------+-----+--------+

Top non-repeatable levels by time:
     D:2: 1017 daAuts
     D:1: 520 daAuts
     D:3: 179 daAuts
